 Dungeon Crawl Stone Soup version 0.28.0-45-g0d030f2227 (webtiles) character file.

Game seed: 4403361270957674110

28 dohliylev the Ruffian (level 2, -1/28 HPs)
             Began as a Troll Warper on May 10, 2022.
             Was an Initiate of Okawaru.
             Slain by Natasha (4 damage)
             ... on level 2 of the Dungeon.
             The game lasted 00:02:46 (863 turns).

dohliylev the Ruffian (Troll Warper)                 Turns: 863, Time: 00:02:48

Health: -1/28      AC:  4    Str: 18    XL:     2   Next: 96%
Magic:  3/3        EV: 10    Int:  9    God:    Okawaru [......]
Gold:   50         SH:  0    Dex:  9    Spells: 1/3 levels left

rFire   . . .      SeeInvis .     - Unarmed
rCold   . . .      Faith    .   (no shield)
rNeg    . . .      Spirit   .   a - +0 robe
rPois   .          Reflect  .   (helmet restricted)
rElec   .          Harm     .   (no cloak)
rCorr   .          Rampage  .   (gloves unavailable)
Will    .....                   (boots unavailable)
Stlth   +.........              (no amulet)
HPRegen 0.89/turn               (no ring)
MPRegen 0.08/turn               (no ring)

@: slowed, very slow
A: large, unfitting armour, claws 3, regeneration 1, shaggy fur 1, tough skin 1
a: Renounce Religion


You were on level 2 of the Dungeon.
You worshipped Okawaru.
Okawaru was noncommittal.
You visited 2 branches of the dungeon, and saw 5 of its levels.

You collected 50 gold pieces.

Inventory:

Missiles
 c - 5 boomerangs of dispersal (quivered)
Armour
 a - a +0 robe (worn)
Scrolls
 b - a scroll of blinking
 e - a scroll of enchant weapon {unknown}
 f - a scroll of teleportation {unknown}
 g - a scroll of identify {unknown}
 h - a scroll of holy word {unknown}
Potions
 d - a potion of flight {unknown}


   Skills:
 * Level 1.7 Fighting
 + Level 0.8 Throwing
 * Level 2.2 Dodging
 + Level 2.5 Unarmed Combat
 + Level 1.3 Spellcasting
 + Level 2.4 Translocations


You had one spell level left.
You knew the following spells:

 Your Spells              Type           Power      Damage    Failure   Level
a - Blink                 Tloc           8%         N/A       21%         2

Your spell library contained the following spells:

 Spells                   Type           Power      Damage    Failure   Level
 Gell's Gravitas          Tloc           4%         N/A       36%         3
 Lesser Beckoning         Tloc           4%         N/A       36%         3
 Teleport Other           Tloc           4%         N/A       36%         3
 Manifold Assault         Tloc           4%         N/A       98%         5


Dungeon Overview and Level Annotations

Branches:
Dungeon (4/15)             Temple (1/1) D:4

Altars:
Ashenzari
Cheibriados
Dithmenos
Elyvilon
Fedhas
Gozag
Hepliaklqana
Kikubaaqudgha
Makhleb
Okawaru
Qazlal
Trog
Uskayaw
Vehumet
Wu Jian
Xom
Zin
The Shining One

Annotations:
D:2 Natasha, Sigmund


Innate Abilities, Weirdness & Mutations

You are too large for most types of armour.
You have claws for hands.
Your natural rate of healing is unusually fast.
You are covered in fur. (AC +1)
You have tough skin. (AC +1)


Message History

You barely miss Natasha. The adder bites you. Natasha barely misses you.
You scratch Natasha but do no damage. The adder bites you but does no damage.
Natasha misses you. The adder bites you.
You are poisoned.
The adder poisons you!
You feel sick.
You feel sick.
You scratch Natasha but do no damage.
You feel sick. Natasha casts a spell at you. The magic dart hits you!
You scratch Natasha.
Natasha is moderately wounded.
You feel sick. Natasha claws you.
You scratch Natasha but do no damage.
Natasha is moderately wounded.
Natasha claws you.
* * * LOW HITPOINT WARNING * * *
You scratch Natasha.
Natasha is moderately wounded.
You feel sick.
You are no longer poisoned.
Natasha barely misses you.
You scratch Natasha but do no damage.
Natasha is moderately wounded.
Natasha claws you.
* * * LOW HITPOINT WARNING * * *
You scratch Natasha.
Natasha is severely wounded.
Natasha stares at you and mumbles some strange words.
You feel yourself slow down.
You scratch Natasha.
Natasha is almost dead.
Natasha closely misses you.
You barely miss Natasha.
Natasha is almost dead.
Natasha casts a spell at you. The magic dart hits you.
* * * LOW HITPOINT WARNING * * *
Natasha claws you.
You die...

#.###.# #...>#
#.###.######.#
#.#........#..#
#.#........#....
#.#
...(...#..##.
#.#....... ...#
# #.# #..# #...
##.####..#######
# #....@hS...# .
#######..#.....
$. #..# ###. ...
#..# #... #..#
###.... #..#
#...# #... #<#
.#. #....#
#.####


You could see Natasha and an adder.

Vanquished Creatures
  An ufetubus (D:3)
  2 ball pythons (D:1)
  2 endoplasms
  A giant cockroach (D:1)
  2 goblins (D:1)
  2 quokkas (D:1)
  3 bats
  3 frilled lizards
  4 kobolds
  4 rats (D:1)
24 creatures vanquished.

Notes
Turn   | Place    | Note
-------+----------+-------------------------------------------
     0 | D:1      | dohliylev the Troll Warper began the quest for the Orb.
     0 | D:1      | Reached XP level 1. HP: 19/19 MP: 1/1
    56 | D:1      | Reached XP level 2. HP: 27/27 MP: 3/3
   457 | D:2      | Noticed Natasha
   457 | D:2      | Noticed Sigmund
   484 | D:1      | Learned a level 2 spell: Blink
   544 | D:2      | Found a faded altar of an unknown god.
   580 | D:2      | You fall into a shaft and drop 2 floors!
   587 | D:4      | Found a staircase to the Ecumenical Temple.
   607 | Temple   | Entered the Ecumenical Temple
   734 | Temple   | Became a worshipper of Warmaster Okawaru
   771 | D:3      | Identified the -5 helmet of Narcissism {rC+ Will+ Dex+3}
   863 | D:2      | Slain by Natasha

Illustrated notes

Levels and vault maps discovered:
D:1:      wander_arrival_lonely_grave, layout_rooms
D:2:      layout_rooms, basic_altar, shapermc_ecumenical_altar_pompeii,
          uniq_natasha, uniq_sigmund
D:3:      layout_basic, chequers_temple_overflow_statue_of_worship
D:4:      layout_cave_pods, minmay_temple_entry_arrows,
          minmay_misc_feat_columns, uniq_pikel, uniq_eustachio,
          uniq_crazy_yiuf_cottage, uniq_ijyb
Temple:   mainiacjoe_temple_coin_purse

Skill      XL: |  1 |
---------------+----+-----
Dodging        | 2 |  2.2
Fighting       | |  1.7
Throwing       | |  0.8
Unarmed Combat | |  2.5
Spellcasting   | |  1.3
Translocations | |  2.4

Action                   || total
-------------------------++-------
Melee: Unarmed           ||    79
       Punch             ||     1
Armor: Robe              ||    41
Dodge: Dodged            ||    46
